 Dungeon Crawl Stone Soup version 0.20.1-1-g8b1a95d (webtiles) character file.

865 Savaroth the Cleaver (level 7, -2/96 HPs)
             Began as a Minotaur Berserker on Aug 6, 2017.
             Was an Elder of Trog.
             Slain by a sky beast (3 damage)
             ... on level 5 of the Dungeon.
             The game lasted 00:11:42 (4285 turns).

Savaroth the Cleaver (Minotaur Berserker)           Turns: 4285, Time: 00:11:43

Health: -2/96      AC:  7    Str: 29    XL:     7   Next: 72%
Magic:  6/6        EV: 11    Int:  4    God:    Trog [****..]
Gold:   261        SH:  0    Dex:  9    Spells: 6/6 levels left

rFire    . . .     SeeInvis .   a - +0 hand axe
rCold    . . .     Gourm    .   (no shield)
rNeg     . . .     Faith    .   x - +0 scale mail
rPois    .         Spirit   .   (helmet restricted)
rElec    .         Reflect  .   (no cloak)
rCorr    .         Harm     .   (no gloves)
MR       .....                  y - +0 pair of boots
Stlth    ..........             (no amulet)
Regen    0.3/turn               (no ring)
MPRegen  0.1/turn               (no ring)

@: berserking, very quick
A: retaliatory headbutt, horns 2
a: Berserk, Trog's Hand, Brothers in Arms, Burn Spellbooks, Renounce Religion


You were on level 5 of the Dungeon.
You worshipped Trog.
Trog was greatly pleased with you.
You were very hungry.

You visited 1 branch of the dungeon, and saw 5 of its levels.

You collected 261 gold pieces.

Inventory:

Hand Weapons
 a - a +0 hand axe (weapon)
 C - a +0 war axe
Armour
 b - a +0 animal skin
 x - a +0 scale mail (worn)
 y - a +0 pair of boots (worn)
Jewellery
 E - a cursed -3 ring of protection {unknown}
Wands
 l - a wand of polymorph (19/24)
 B - a wand of iceblast (8/15)
Scrolls
 d - a scroll of remove curse {unknown}
 e - a scroll of magic mapping {unknown}
 f - a scroll of recharging {unknown}
 g - 2 scrolls of fear {unknown}
 h - 6 scrolls of identify {unknown}
 k - a scroll of random uselessness {unknown}
 n - 2 scrolls of immolation {unknown}
 t - 2 scrolls of teleportation {unknown}
 v - a scroll of enchant weapon {unknown}
 w - a scroll of fog {unknown}
 F - a scroll of enchant armour {unknown}
Potions
 i - 3 potions of mutation {unknown}
 j - 2 potions of brilliance {unknown}
 o - a potion of berserk rage {unknown}
 q - 2 potions of curing
 r - a potion of resistance {unknown}
 s - 3 potions of heal wounds {unknown}
 u - a potion of agility {unknown}
 z - a potion of degeneration {unknown}
 A - a potion of lignification {unknown}
 D - a potion of might {unknown}
Comestibles
 c - 2 bread rations
 m - a royal jelly
 p - 2 meat rations
 G - 4 chunks of flesh


   Skills:
 - Level 6.9 Fighting
 + Level 9.3 Axes
 - Level 2.4 Armour
 - Level 2.1 Dodging
 - Level 1.0 Stealth


You had 6 spell levels left.
You didn't know any spells.

Dungeon Overview and Level Annotations

Branches:
Dungeon (5/15)
 Temple: D:4-7

Altars:


Innate Abilities, Weirdness & Mutations

You reflexively headbutt those who attack you in melee.
You have a pair of horns on your head.


Message History

Something hits you. Something shocks you.
* * * LOW HITPOINT WARNING * * *
You closely miss something. Your headbutt misses something. Something hits you.
* * * LOW HITPOINT WARNING * * *
Something shocks you.
* * * LOW HITPOINT WARNING * * *
You hit something. You headbutt something. Something hits you.
* * * LOW HITPOINT WARNING * * *
Something shocks you.
* * * LOW HITPOINT WARNING * * *
It was a potion of curing.
You feel better. Something hits you.
* * * LOW HITPOINT WARNING * * *
Something shocks you.
* * * LOW HITPOINT WARNING * * *
Unknown command.
A red film seems to cover your vision as you go berserk!
You feel yourself moving faster!
You feel mighty!
You are feeling very hungry.
Something hits you.
You die...

#..........#
##........## #........#
##......## .
#......############...
.......................
.........)..)>.(..Y.#
##..#######{#########
#..# #.@# ..# ##..# .#
#...# #...# #...# ##..#
#..# ##.# ###


There were no monsters in sight!

Vanquished Creatures
  Sigmund (D:3)
  The ghost of Zleub the Poker, an amateur MfSk (D:3)
  A phantom (D:4)
  A centaur (D:5)
  2 hounds (D:4)
  3 orc priests
  An orc wizard (D:4)
  2 worker ants
  A worker ant zombie (D:5)
  6 adders
  3 worms (D:2)
  2 dart slugs
  2 leopard geckos
  22 orcs
  4 bats
  3 giant cockroaches
  7 hobgoblins
  13 jackals
  9 kobolds
  2 quokkas (D:4)
  A ball python (D:4)
  9 frilled lizards
  9 goblins
  8 rats
113 creatures vanquished.

Notes
Turn   | Place    | Note
-------+----------+-------------------------------------------
     0 | D:1      | Savaroth the Minotaur Berserker began the quest for the Orb.
     0 | D:1      | Reached XP level 1. HP: 19/19 MP: 0/0
   325 | D:1      | Reached skill level 4 in Axes
   362 | D:1      | Reached XP level 2. HP: 26/27 MP: 1/1
   752 | D:1      | Reached XP level 3. HP: 31/33 MP: 2/2
   754 | D:1      | Reached ** piety under Trog
  1142 | D:2      | Reached XP level 4. HP: 41/41 MP: 3/3
  1149 | D:2      | Reached skill level 5 in Fighting
  1381 | D:2      | Reached skill level 5 in Axes
  1980 | D:3      | Noticed Sigmund
  2001 | D:3      | HP: 1/63 [something (12)]
  2003 | D:3      | Killed Sigmund
  2003 | D:3      | Reached skill level 6 in Axes
  2003 | D:3      | Reached XP level 5. HP: 1/50 MP: 4/4
  2282 | D:3      | Noticed Zleub's ghost (amateur MfSk)
  2293 | D:3      | Killed Zleub's ghost
  2293 | D:3      | Reached skill level 7 in Axes
  2293 | D:3      | Reached XP level 6. HP: 57/57 MP: 5/5
  3042 | D:3      | Reached skill level 1 in Stealth
  3191 | D:3      | Reached *** piety under Trog
  3411 | D:4      | Reached XP level 7. HP: 63/64 MP: 6/6
  3857 | D:4      | Reached skill level 8 in Axes
  3969 | D:4      | Reached **** piety under Trog
  4129 | D:5      | Entered Level 5 of the Dungeon
  4193 | D:5      | Reached skill level 9 in Axes
  4283 | D:5      | HP: 1/64 [something (5)]
  4285 | D:5      | Slain by a sky beast

Skill      XL: |  1  2  3  4  5  6  7 |
---------------+----------------------+-----
Axes           | 4 6 7 9 |  9.3
Fighting       | 4 5 6 |  6.9
Stealth        | 1 |  1.0
Armour         | |  2.4
Dodging        | |  2.1

Action                   |  1- 3 |  4- 6 |  7- 9 || total
-------------------------+-------+-------+-------++-------
Melee: Hand axe          |    88 |   113 |    93 ||   294
       Headbutt          |     9 |    18 |    19 ||    46
Invok: Berserk           |       |     2 |     2 ||     4
  Use: Potion            |       |       |     1 ||     1
  Eat: Chunk             |       |     5 |     4 ||     9
       Bread ration      |       |     1 |       ||     1
Armor: Animal skin       |    11 |     7 |       ||    18
       Scale mail        |       |    18 |    30 ||    48
Dodge: Dodged            |    45 |    63 |    25 ||   133
